 Dungeon Crawl Stone Soup version 0.30-a0-956-gcec3b41aec (webtiles) character file.

Game seed: 6641465334207133073

31 DeathPants the Slasher (level 3, 0/20 HPs)
             Began as a Vine Stalker Monk on Mar 29, 2023.
             Slain by an adder (3 damage)
             ... on level 1 of the Dungeon.
             The game lasted 00:03:15 (881 turns).

DeathPants the Slasher (Vine Stalker Monk)           Turns: 881, Time: 00:03:16

Health: 0/20       AC:  2    Str: 13    XL:     3   Next: 22%
Magic:  0/4        EV: 13    Int: 12    God:
Gold:   23         SH:  0    Dex: 16    Spells: 2/2 levels left

rFire   . . .      SeeInvis .    b - +0 dagger
rCold   . . .      Faith    .    (no shield)
rNeg    . . .      Spirit   +    f - +0 robe
rPois   .          Reflect  .    (no helmet)
rElec   .          Rampage  .    (no cloak)
rCorr   +                        (no gloves)
Will    .....                    (no boots)
Stlth   ++                       (no amulet)
HPRegen 0.23/turn                n - ring of resist corrosion
MPRegen 0.09/turn                (no ring)

@: no status effects
A: fangs 2, magic shield, antimagic bite, no potion heal 2
a: no special abilities


You were on level 1 of the Dungeon.
You visited 1 branch of the dungeon, and saw 2 of its levels.

You collected 23 gold pieces.

Inventory:

Hand Weapons
 a - a +0 falchion
 b - a +0 dagger (weapon)
Missiles
 e - a throwing net (quivered)
Armour
 f - a +0 robe (worn)
Jewellery
 n - a ring of resist corrosion (left hand)
Scrolls
 d - a scroll of immolation {unknown}
 g - a scroll of teleportation {unknown}
 h - a scroll of magic mapping {unknown}
 i - a scroll of silence {unknown}
 k - a scroll of identify {unknown}
 l - a scroll of poison {unknown}
Potions
 c - a potion of ambrosia
 j - a potion of heal wounds {unknown}
 m - a potion of degeneration {unknown}
 o - a potion of flight {unknown}


   Skills:
 + Level 3.0 Fighting
 * Level 3.2 Long Blades
 + Level 2.6 Dodging
 + Level 3.0 Stealth


You had 2 spell levels left.
You didn't know any spells.
Your spell library contained the following spells:

 Spells                   Type           Power      Damage    Failure   Level
 Sandblast                Erth           0%         2d4       32%         1
 Blink                    Tloc           0%         N/A       45%         2
 Lesser Beckoning         Tloc           0%         N/A       45%         2
 Momentum Strike          Conj/Tloc      0%         3d8       45%         2
 Passwall                 Tmut/Erth      0%         N/A       45%         2
 Stone Arrow              Conj/Erth      0%         3d7       69%         3


Dungeon Overview and Level Annotations

Branches:
Dungeon (2/15)

Altars:


Innate Abilities, Weirdness & Mutations

You have extremely sharp teeth.
When hurt, damage is shared between your health and your magic reserves.
Your bite disrupts and absorbs the magic of your enemies.
Potions cannot restore your health.


Message History

Done exploring.
There is a stone staircase leading down here.
You climb downwards.
There is a stone staircase leading up here.
The gnoll shouts!
You hear a shout!
You hear a bark!
A worm comes into view.
The adder misses you.
There is a stone staircase leading up here.
The adder completely misses you. The gnoll misses you.
You climb upwards.
There is a stone staircase leading down here.
You completely miss the adder. The adder closely misses you.
The gnoll hits you with a +0 whip.
You hit the adder.
The adder is moderately wounded.
The adder misses you. The gnoll hits you with a +0 whip.
You hit the adder.
The adder is moderately wounded.
The adder barely misses you.
You hit the adder. Your bite misses the adder.
The adder is severely wounded.
The adder closely misses you. The gnoll closely misses you.
You closely miss the adder. Your bite misses the adder.
The adder is severely wounded.
The adder bites you. The gnoll completely misses you.
The adder completely misses you.
You hit the adder but do no damage.
The adder is severely wounded.
The gnoll hits you with a +0 whip. The adder bites you but does no damage.
You hit the adder but do no damage. Your bite misses the adder.
The adder is severely wounded.
The gnoll barely misses you. The adder misses you.
You closely miss the adder.
The adder is severely wounded.
The adder bites you. The gnoll hits you with a +0 whip.
* * * LOW HITPOINT WARNING * * *
You hit the adder. Your bite misses the adder.
The adder is almost dead.
The adder bites you.
You die...

##.........#.###.## #.# #.#
#.#.#..####.# #.# #.####.#
##.#.#..# #.# #.# #......#
.....#..####.###.########.#######
##....................# #.# #.
#####..#.######.####.# #.# #.
#..#.# #.# #.# #.# #. #..#.# #S#
#.# #.# #. #....# #@# #.# #.# #.
##...######g####.###.#### ##
#.........#.........#..##
##..######>####.###.#...# # #..#
#.# #.# #.#...### #..######.# #.#
#.....##. ###..#...##.# #.#
#.#...#8.
######.....###.#.####.###.#......
..............................#8.


You could see a gnoll and an adder.

Vanquished Creatures
  A dart slug (D:1)
  4 bats (D:1)
  4 endoplasms (D:1)
  A giant cockroach (D:1)
  2 goblins (D:1)
  A hobgoblin (D:1)
  2 jackals (D:2)
  3 quokkas
  2 ball pythons (D:1)
  A frilled lizard (D:1)
  A kobold (D:1)
  2 rats (D:1)
24 creatures vanquished.

Notes
Turn   | Place    | Note
-------+----------+-------------------------------------------
     0 | D:1      | DeathPants the Vine Stalker Monk began the quest for the
                  | Orb.
     0 | D:1      | Reached XP level 1. HP: 11/11 MP: 2/2
    76 | D:1      | Reached XP level 2. HP: 16/16 MP: 3/3
   447 | D:1      | Reached XP level 3. HP: 19/19 MP: 4/4
   881 | D:1      | Slain by an adder

Illustrated notes

Levels and vault maps discovered:
D:1:      erik_arrival_orb_chamber, layout_loops_ring
D:2:      layout_loops_cross, minmay_puff

Skill      XL: |  1  2  3 |
---------------+----------+-----
Long Blades    | 3 |  3.2
Fighting       | 3 |  3.0
Stealth        | 3 |  3.0
Dodging        | |  2.6

Action                     || total
---------------------------++-------
  Melee: Falchion          ||    30
         Bite              ||    15
         Dagger            ||    44
         Punch             ||     1
   Stab: Sleeping          ||     3
 Armour: Robe              ||    16
  Dodge: Dodged            ||    49

Table legend: (Time is in decaauts)
 A = Elapsed time spent in this place.
 B = Non-inter-level travel time spent in this place.
 C = Inter-level travel time spent in this place.
 D = Time resting spent in this place.
 E = Time spent auto-exploring this place.
 F = Levels seen in this place.
 G = Mean time per level.
                   A        B        C        D        E       F      G
               +--------+--------+--------+--------+--------+-----+--------+
         Total |    881 |    881 |      0 |      6 |    635 |   2 |  440.5 |
       Dungeon |    881 |    881 |      0 |      6 |    635 |   2 |  440.5 |
               +--------+--------+--------+--------+--------+-----+--------+

Top non-repeatable levels by time:
     D:1: 831 daAuts
     D:2: 49 daAuts
